 Dungeon Crawl Stone Soup version 0.30-a0-414-gcb316572d5 (webtiles) character file.

Game seed: 5973897225589386258

11242 Demosthentine the Cleaver (level 11, -3/90 HPs)
             Began as a Hill Orc Fighter on Dec 8, 2022.
             Was a Believer of Beogh.
             Slain by a cacodemon (11 damage)
             ... on level 10 of the Dungeon.
             The game lasted 00:15:05 (10240 turns).

Demosthentine the Cleaver (Hill Orc Fighter)       Turns: 10240, Time: 00:15:07

Health: -3/90      AC: 29    Str: 22      XL:     11   Next: 74%
Magic:  14/14      EV:  8    Int:  7 (14) God:    Beogh [**....]
Gold:   641        SH: 10    Dex:  8      Spells: 10/10 levels left

rFire   . . .      SeeInvis .    a - +1 war axe (drain)
rCold   . . .      Faith    .    h - +0 kite shield
rNeg    . . .      Spirit   .    H - +18 Lear's hauberk
rPois   .          Reflect  .    (helmet currently unavailable)
rElec   .          Harm     .    (no cloak)
rCorr   .          Rampage  .    (gloves currently unavailable)
Will    +....                    (boots currently unavailable)
Stlth   ..........               (no amulet)
HPRegen 0.35/turn                f - ring of willpower
MPRegen 0.14/turn                l - +6 ring of intelligence

@: on berserk cooldown, slowed, very slow
A: clumsy 2, deterioration 1, frail 1
a: Renounce Religion, Smiting


You were on level 10 of the Dungeon.
You worshipped Beogh.
Beogh was pleased with you.
You visited 2 branches of the dungeon, and saw 11 of its levels.

You collected 641 gold pieces.

Inventory:

Hand Weapons
 a - a +1 war axe of draining (weapon)
 i - the +8 mace of Psychosis {venom, rElec MP-9 Int+8}
   (You found it on level 4 of the Dungeon)

   It poisons the flesh of those it strikes.
   Int:       It affects your intelligence (+8).
   rElec:     It insulates you from electricity.
   MP:        It affects your magic capacity (-9).
Missiles
 y - 2 throwing nets (quivered)
Armour
 g - a +0 pair of gloves
 h - a +0 kite shield (worn)
 o - a +1 helmet
 s - a +2 chain mail of fire resistance
 H - the +18 Lear's hauberk (worn)
   (You found it on level 9 of the Dungeon)
Jewellery
 f - a ring of willpower (left hand)
 l - a +6 ring of intelligence (right hand)
 E - a +6 ring of intelligence
Wands
 u - a wand of paralysis (9)
 w - a wand of polymorph (26)
 A - a wand of quicksilver (10)
 F - a wand of flame (41)
Scrolls
 b - 2 scrolls of teleportation
 p - 3 scrolls of enchant weapon
 q - 3 scrolls of amnesia
 C - a scroll of brand weapon
 D - a scroll of fear
 G - 3 scrolls of identify
Potions
 c - 2 potions of brilliance
 d - 2 potions of might
 e - 2 potions of magic
 j - 4 potions of mutation
 k - 4 potions of lignification
 m - a potion of resistance
 n - a potion of flight
 t - a potion of ambrosia
 v - 3 potions of attraction
 x - a potion of curing
 z - 3 potions of invisibility
 I - 2 potions of cancellation


   Skills:
 + Level 10.7 Fighting
 + Level 11.2 Axes
 + Level 9.8 Armour
 - Level 6.2 Dodging
 - Level 9.0 Shields
 + Level 4.3 Invocations


You had 10 spell levels left.
You didn't know any spells.
Your spell library contained the following spells:

 Spells                   Type           Power      Damage    Failure   Level
 Magic Dart               Conj           0%         1d3       100%        1
 Shock                    Conj/Air       0%         1d3       100%        1
 Slow                     Hex            0%         N/A       100%        1
 Call Imp                 Summ           0%         N/A       100%        2
 Confusing Touch          Hex            0%         N/A       100%        3
 Ignite Poison            Fire/Tmut/Pois 0%         N/A       100%        3
 Mephitic Cloud           Conj/Pois/Air  0%         N/A       100%        3
 Swiftness                Air            0%         N/A       100%        3
 Vampiric Draining        Necr           0%         2d6       100%        3
 Airstrike                Air            0%         2d(0-16)  100%        4
 Sticky Flame             Conj/Fire      0%         2d3       100%        4
 Ignition                 Fire           0%         3d3       100%        8


Dungeon Overview and Level Annotations

Branches:
Dungeon (10/15)            Temple (1/1) D:7            Lair (0/5) D:9
    Orc (0/2) D:9

Altars:
Ashenzari
Cheibriados
Dithmenos
Elyvilon
Fedhas
Gozag
Hepliaklqana
Kikubaaqudgha
Makhleb
Nemelex Xobeh
Okawaru
Qazlal
Ru
Sif Muna
Trog
Uskayaw
Vehumet
Wu Jian
Xom
Yredelemnul
Zin
The Shining One

Shops:
D:2 =(


Innate Abilities, Weirdness & Mutations

You are very clumsy. (Dex -4)
Your body sometimes deteriorates upon taking damage.
You are frail. (-10% HP)


Message History

You resist with almost no effort.
The cacodemon hits you but does no damage. x2
The basilisk hisses menacingly.
The basilisk gazes at you. You resist with almost no effort.
The black mamba changes into a guardian serpent!
The basilisk changes into an iguana!
The neqoxec gestures at you.
Something tries to feed on your intellect!
The cacodemon hits you but does no damage. x2
You turn to flesh and can move again.
Unknown command.
Unknown command.
Unknown command.
Unknown command.
Unknown command.
Unknown command.
Unknown command.
Unknown command.
You are too confused!
You bump into the stone wall.
The iguana changes into a bullfrog!
The cacodemon hits you but does no damage.
The cacodemon hits you.
* * * LOW HITPOINT WARNING * * *
The cacodemon gestures at you.
You easily resist.
Unknown command.
You're too confused to move!
You feel less confused. You block the bullfrog's attack.
The cacodemon hits you but does no damage. x2
The bullfrog hits you but does no damage.
Unknown command.
As you read the scroll of fear, it crumbles to dust.
You assume a fearsome visage.
The guardian serpent looks frightened!
The bullfrog looks frightened!
The cacodemon resists with almost no effort.
The bullfrog changes into an ogre!
The ogre changes into a wolf!
The cacodemon hits you!
You die...

####).##.#.§§!§§.# ####### #
#..##.#.......# #......
####.....#.#...#.# #.#####
...#.....#.......# #.#####
##.#.#...###'''### #.#....
##.#.#...#.§.S...# #.#.###
.......÷.#.#3§.#.# #......
########.##.#§#h## ###.###
#.#.#...#@### #....
#.#...#.2.#.#### #####
##'#.#...#!#....# #
##..#!......#.##.# #
##...###'''###.##.# ## #
##....#.......#.##.# ##.
####.............††.#.#########..
...+.........+..)................
####.........####...#.#########..


You could see a cacodemon, a guardian serpent shaped shifter (fleeing) and a
wolf shaped shifter (fleeing).

Vanquished Creatures
  The ghost of sirJeffrey23 the Thaumaturge, a journeyman DrFE of Sif Muna (D:10)
  Erica (D:9)
  2 two-headed ogres
  A tengu warrior (D:9)
  Pikel (D:6)
  3 ugly things (D:10)
  A komodo dragon (D:10)
  A troll (D:10)
  A tarantella (shapeshifter) (D:10)
  A hornet (D:7)
  A vampire (D:10)
  2 wyverns
  9 yaks
  2 neqoxecs (D:10)
  A wraith (D:9)
  Eustachio (D:5)
  A steam dragon (D:8)
  Menkaure (D:5)
  A water moccasin (D:5)
  Duvessa (D:6)
  3 orc warriors
  A black bear (D:6)
  An ice beast (D:6)
  A black bear (shapeshifter) (D:10)
  An ogre (D:5)
  A centaur (D:10)
  3 kobold brigands
  4 bullfrogs
  4 scorpions
  2 necrophages
  Dowan (D:6)
  6 killer bees (D:8)
  3 jellies
  2 gnoll boudas
  3 hounds
  6 orc priests
  Ijyb (D:5)
  2 iguanas
  18 orc wizards
  4 adders
  12 gnolls
  2 ufetubi
  4 dart slugs
  A worm (D:3)
  44 orcs
  8 bats
  12 endoplasms
  2 giant cockroaches (D:4)
  7 goblins
  4 hobgoblins
  12 jackals
  19 kobolds
  2 quokkas
  7 ball pythons
  6 frilled lizards
  2 rats (D:1)
244 creatures vanquished.

Vanquished Creatures (others)
  An orc wizard (D:6)
  An orc (D:6)
2 creatures vanquished.

Grand Total: 246 creatures vanquished

Notes
Turn   | Place    | Note
-------+----------+-------------------------------------------
     0 | D:1      | Demosthentine the Hill Orc Fighter began the quest for the
                  | Orb.
     0 | D:1      | Reached XP level 1. HP: 19/19 MP: 1/1
   142 | D:1      | Reached XP level 2. HP: 23/27 MP: 2/2
   144 | D:1      | Reached skill level 3 in Axes
   350 | D:1      | Reached XP level 3. HP: 29/33 MP: 3/3
   503 | D:1      | Found a faded altar of an unknown god.
   743 | D:2      | Reached skill level 1 in Dodging
   746 | D:2      | Reached XP level 4. HP: 29/40 MP: 4/4
   946 | D:2      | Found Seujafak's Antique Weapon Emporium.
  1010 | D:2      | Found Ruag's One-of-a-Kind Rings.
  2280 | D:4      | Reached XP level 5. HP: 37/47 MP: 5/5
  2342 | D:4      | Found a glowing silver altar of Zin.
  2437 | D:4      | Identified the +8 mace of Psychosis {venom, rElec MP-9
                  | Int+8}
  2451 | D:4      | Reached skill level 4 in Axes
  2857 | D:4      | Reached XP level 6. HP: 55/55 MP: 6/6
  2866 | D:4      | Reached skill level 5 in Fighting
  3188 | D:5      | Entered Level 5 of the Dungeon
  3231 | D:5      | Noticed a water moccasin
  3249 | D:5      | Killed a water moccasin
  3250 | D:5      | Reached XP level 7. HP: 14/61 MP: 7/7
  3346 | D:5      | Reached skill level 5 in Axes
  3474 | D:5      | Noticed Eustachio
  3474 | D:5      | Noticed Ijyb
  3510 | D:5      | Killed Ijyb
  3532 | D:5      | Killed Eustachio
  3533 | D:5      | Reached skill level 5 in Armour
  3533 | D:5      | Reached skill level 5 in Shields
  3662 | D:5      | Noticed Menkaure
  3671 | D:5      | Killed Menkaure
  3672 | D:5      | Reached XP level 8. HP: 16/70 MP: 8/8
  4352 | D:5      | Reached skill level 6 in Axes
  4970 | D:6      | Noticed Pikel
  4982 | D:6      | Killed Pikel
  4983 | D:6      | Reached skill level 7 in Axes
  4983 | D:6      | Reached XP level 9. HP: 73/79 MP: 9/9
  5131 | D:6      | Noticed Dowan
  5132 | D:6      | Noticed Duvessa
  5150 | D:6      | Killed Duvessa
  5159 | D:6      | Killed Dowan
  5362 | D:6      | Found a white marble altar of Elyvilon.
  5574 | D:6      | Became a worshipper of Beogh the Brigand
  5668 | D:6      | Found a sacrificial altar of Ru.
  5669 | D:6      | Found a shadowy altar of Dithmenos.
  5971 | D:7      | Found a staircase to the Ecumenical Temple.
  5977 | Temple   | Entered the Ecumenical Temple
  6180 | D:7      | Noticed a hornet
  6187 | D:7      | Paralysed by a hornet for 2 turns
  6192 | D:7      | Killed a hornet
  6193 | D:7      | Reached skill level 8 in Axes
  6751 | D:7      | Found a sparkling altar of Nemelex Xobeh.
  7134 | D:8      | Noticed a two-headed ogre
  7139 | D:8      | Reached XP level 10. HP: 88/88 MP: 10/10
  7145 | D:8      | Killed a two-headed ogre
  7146 | D:8      | Reached skill level 5 in Dodging
  7314 | D:8      | Reached * piety under Beogh
  7491 | D:8      | Found a hide-covered altar of Uskayaw.
  7532 | D:8      | Reached skill level 9 in Axes
  7746 | D:8      | Found an iron altar of Okawaru.
  7813 | D:9      | Noticed a tengu warrior
  7836 | D:9      | Killed a tengu warrior
  8013 | D:9      | Found the +18 Lear's hauberk
  8061 | D:9      | Noticed Erica
  8089 | D:9      | HP: 3/91 [something/lance of force (16)]
  8098 | D:9      | Killed Erica
  8383 | D:9      | Reached ** piety under Beogh
  8384 | D:9      | Noticed a two-headed ogre
  8398 | D:9      | Killed a two-headed ogre
  8587 | D:9      | Reached XP level 11. HP: 94/97 MP: 11/11
  8602 | D:9      | Found a staircase to the Lair.
  8624 | D:9      | Reached skill level 10 in Axes
  8793 | D:9      | Found a staircase to the Orcish Mines.
  8964 | D:10     | Entered Level 10 of the Dungeon
  9469 | D:10     | Found a runed translucent gate.
  9470 | D:10     | Found a runed translucent gate.
  9471 | D:10     | Found a runed translucent gate.
  9471 | D:10     | Noticed a swamp dragon
  9472 | D:10     | Noticed a white ugly thing
  9473 | D:10     | Noticed a red ugly thing
  9474 | D:10     | Noticed a white ugly thing
  9477 | D:10     | a swamp dragon changed into a moth of wrath
  9477 | D:10     | Noticed a moth of wrath (glowing shapeshifter)
  9483 | D:10     | a moth of wrath changed into a salamander
  9483 | D:10     | Noticed a salamander (glowing shapeshifter)
  9488 | D:10     | a salamander changed into a queen bee
  9542 | D:10     | Reached skill level 1 in Invocations
  9544 | D:10     | Reached skill level 10 in Fighting
 10133 | D:10     | Noticed an ice dragon
 10133 | D:10     | an ice dragon changed into a fire dragon
 10133 | D:10     | Noticed a fire dragon (glowing shapeshifter)
 10134 | D:10     | a fire dragon changed into a wolf spider
 10134 | D:10     | Noticed a wolf spider (glowing shapeshifter)
 10135 | D:10     | a wolf spider changed into a broodmother
 10135 | D:10     | Noticed a broodmother (glowing shapeshifter)
 10139 | D:10     | a broodmother changed into an ice dragon
 10139 | D:10     | Noticed an ice dragon (glowing shapeshifter)
 10142 | D:10     | an ice dragon changed into an ettin
 10142 | D:10     | Noticed an ettin (glowing shapeshifter)
 10143 | D:10     | an ettin changed into an alligator
 10143 | D:10     | Noticed an alligator (glowing shapeshifter)
 10148 | D:10     | an alligator changed into a jorogumo
 10148 | D:10     | Noticed a jorogumo (glowing shapeshifter)
 10160 | D:10     | a jorogumo changed into an anaconda
 10160 | D:10     | Noticed an anaconda (glowing shapeshifter)
 10165 | D:10     | an anaconda changed into a torpor snail
 10167 | D:10     | Killed a purple ugly thing
 10167 | D:10     | a torpor snail changed into a mana viper
 10167 | D:10     | Noticed a mana viper (glowing shapeshifter)
 10168 | D:10     | a mana viper changed into a wind drake
 10172 | D:10     | a culicivora changed into an entropy weaver
 10172 | D:10     | Noticed an entropy weaver (glowing shapeshifter)
 10174 | D:10     | Killed a cyan ugly thing
 10174 | D:10     | an entropy weaver changed into a black bear
 10182 | D:10     | Killed a cyan ugly thing
 10183 | D:10     | Reached skill level 11 in Axes
 10189 | D:10     | Found a runed translucent gate.
 10189 | D:10     | Found a runed translucent gate.
 10190 | D:10     | Noticed an entropy weaver
 10190 | D:10     | Noticed sirJeffrey23's ghost (journeyman DrFE)
 10192 | D:10     | Found a runed translucent gate.
 10192 | D:10     | Noticed a cacodemon
 10216 | D:10     | Killed sirJeffrey23's ghost
 10216 | D:10     | an entropy weaver changed into a basilisk
 10221 | D:10     | Gained mutation: You are clumsy. (Dex -2) [a neqoxec]
 10223 | D:10     | Gained mutation: You are frail. (-10% HP) [a cacodemon]
 10226 | D:10     | Gained mutation: You are very clumsy. (Dex -4) [a
                  | cacodemon]
 10227 | D:10     | Gained mutation: Your body sometimes deteriorates upon
                  | taking damage. [a cacodemon]
 10240 | D:10     | Slain by a cacodemon

Illustrated notes

Levels and vault maps discovered:
D:1:      spicycebolla_arrival_xxxplode, layout_basic,
          ebering_ecumenical_altar_box
D:2:      layout_rooms, serial_shops,
          nicolae_shop_temple_entry_statues_fountains,
          chequers_serial_rivers_small_a, nicolae_shop_unique_rings
D:3:      layout_loops_corners
D:4:      minmay_octagon_keep, layout_cave_pools, amcnicky_altar_gilded,
          minmay_puff
D:5:      layout_basic, uniq_eustachio, uniq_menkaure, uniq_ijyb
D:6:      layout_loops_ring, mainiacjoe_overflow_catwalk,
          chequers_temple_overflow_statue_of_worship, uniq_duvessa, uniq_pikel
D:7:      layout_basic, nemelex_spade_bored_becter,
          minmay_temple_entry_crystal_x
D:8:      layout_cave_pools, lemuel_coloured_pillars_altar, marbit_many_paths
D:9:      layout_rooms, dpeg_oklobed_lair, hiddenorc1_lemuel,
          hellmonk_guarded_unrand_lears, uniq_erica
D:10:     layout_loops_corners, ploomutoo_gammafunk_ghost_potion_laboratory
Temple:   nicolae_temple_bog_church

Skill      XL: |  1  2  3  4  5  6  7  8  9 10 11 |
---------------+----------------------------------+-----
Axes           | 3 4 5 7 8 9 11 | 11.2
Fighting       | 4 5 7 8 9 10 | 10.7
Dodging        | 1 2 3 4 5 6 |  6.2
Armour         | 4 5 6 7 8 9 |  9.8
Shields        | 4 5 6 7 8 9 |  9.0
Invocations    | 4 |  4.3

Action                   |  1- 3 |  4- 6 |  7- 9 | 10-12 || total
-------------------------+-------+-------+-------+-------++-------
Melee: War axe           |    67 |   143 |   285 |   303 ||   798
Invok: Convert to Beogh  |       |       |     1 |       ||     1
Evoke: Wand              |       |       |     2 |     1 ||     3
  Use: Scroll            |     5 |    11 |     8 |     4 ||    28
       Potion            |       |       |     1 |    10 ||    11
 Stab: Paralysed         |       |       |     1 |       ||     1
Armor: Scale mail        |    34 |    58 |       |       ||    92
       Chain mail        |       |    21 |   168 |   220 ||   409
Dodge: Dodged            |    28 |    51 |    90 |    70 ||   239
Block: Buckler           |    17 |       |       |       ||    17
       Kite shield       |     3 |    68 |   172 |   148 ||   391

Table legend: (Time is in decaauts)
 A = Elapsed time spent in this place.
 B = Non-inter-level travel time spent in this place.
 C = Inter-level travel time spent in this place.
 D = Time resting spent in this place.
 E = Time spent auto-exploring this place.
 F = Levels seen in this place.
 G = Mean time per level.
                   A        B        C        D        E       F      G
               +--------+--------+--------+--------+--------+-----+--------+
         Total |  10481 |  10068 |    413 |    554 |   7511 |  11 |  952.8 |
       Dungeon |  10301 |   9888 |    413 |    554 |   7361 |  10 | 1030.1 |
        Temple |    179 |    179 |      0 |      0 |    150 |   1 |  179.0 |
               +--------+--------+--------+--------+--------+-----+--------+

Top non-repeatable levels by time:
     D:5: 1496 daAuts
    D:10: 1276 daAuts
     D:9: 1185 daAuts
     D:6: 1130 daAuts
     D:3: 1054 daAuts
     D:4: 1017 daAuts
     D:8: 903 daAuts
     D:7: 798 daAuts
     D:1: 724 daAuts
     D:2: 714 daAuts
  Temple: 179 daAuts
